[ AOE2 MATCH · #505705350 ]
UnrankedKoreans vs Shu
Player's team · WIN
Rival team · LOSS
[ REPLAY ANALYSIS · EXTRACTED FROM THE RECORDED GAME ]
Feudal
9:42
Castle
25:12
Imperial
—
| APM avg | 30.1 |
| APM peak | 75 |
| eAPM avg | 15.5 |
| Villagers / military | 61 / 51 |
Focus
⚔️ 37.1% · 🌾 62.9%
Spearman ×40 · Iron Pagoda ×4 · Battering Ram ×4 · Militia ×3
Feudal
9:44
Castle
21:04
Imperial
—
| APM avg | 37.8 |
| APM peak | 89 |
| eAPM avg | 19.2 |
| Villagers / military | 116 / 54 |
Focus
⚔️ 20.9% · 🌾 79.1%
Archer ×30 · Unknown (1944) ×16 · Scout Cavalry ×8 · Petard ×6 · Mangonel ×4 · Battering Ram ×3
Match map
Initial resources + every placement click. Lines = walls · curves = elevation contours. ◆ gold · ⬟ stone · ● berries · ✦ relic · ◌ wall gap
Your base· ✓ Closed at 25:12 · 54t walls · no gate
DanTheMan's base· Open — unwalled flank
Smoothed initial terrain · ◌ = detected wall gap · hover for details
Inputs per minute
— ELEG VACASADA - - DanTheMan
Build order — ELEG VACASADA
First 150 of 243 actions detected
| 0:00 | Queue | Villager (Male) |
| 0:00 | Queue | Villager (Male) |
| 0:01 | Queue | Villager (Male) |
| 0:02 | Build | House |
| 0:04 | Build | House |
| 0:20 | Queue | Villager (Male) |
| 0:20 | Queue | Villager (Male) |
| 1:27 | Queue | Villager (Male) |
| 2:13 | Queue | Villager (Male) |
| 2:31 | Queue | Villager (Male) |
| 3:16 | Build | Lumber Camp |
| 3:22 | Queue | Villager (Male) |
| 3:30 | Queue | Villager (Male) |
| 3:45 | Queue | Villager (Male) |
| 3:54 | Build | House |
| 3:59 | Queue | Villager (Male) |
| 4:49 | Queue | Villager (Male) |
| 4:59 | Build | Mining Camp |
| 5:10 | Build | Mining Camp |
| 5:13 | Queue | Villager (Male) |
| 5:23 | Queue | Villager (Male) |
| 5:50 | Queue | Villager (Male) |
| 6:16 | Queue | Villager (Male) |
| 6:16 | Research | Loom |
| 7:05 | Research | Feudal Age |
| 7:24 | Build | House |
| 8:05 | Build | Mill |
| 8:27 | Build | House |
| 9:01 | Build | House |
| 9:06 | Queue | Villager (Male) |
| 9:42 | Age | Feudal Age |
| 9:47 | Build | Watch Tower |
| 9:58 | Build | Palisade Wall |
| 9:59 | Build | Palisade Wall |
| 10:00 | Build | Palisade Wall |
| 10:14 | Research | Double-Bit Axe |
| 10:15 | Queue | Villager (Male) |
| 10:18 | Queue | Villager (Male) |
| 10:52 | Build | Watch Tower |
| 10:59 | Build | Watch Tower |
| 11:39 | Queue | Villager (Male) |
| 11:39 | Queue | Villager (Male) |
| 11:40 | Queue | Villager (Male) |
| 11:48 | Build | Blacksmith |
| 11:56 | Build | Watch Tower |
| 12:08 | Build | Palisade Wall |
| 12:09 | Build | Palisade Wall |
| 13:17 | Build | Watch Tower |
| 13:19 | Queue | Villager (Male) |
| 13:19 | Queue | Villager (Male) |
| 13:19 | Queue | Villager (Male) |
| 13:22 | Build | House |
| 13:23 | Research | Fletching |
| 13:33 | Build | Barracks |
| 13:40 | Build | Mill |
| 14:05 | Build | Watch Tower |
| 14:30 | Build | Palisade Wall |
| 14:32 | Build | Palisade Wall |
| 14:33 | Build | Palisade Wall |
| 14:37 | Build | Palisade Wall |
| 14:39 | Build | Palisade Wall |
| 14:40 | Build | Palisade Wall |
| 14:50 | Build | Palisade Wall |
| 15:02 | Queue | Villager (Male) |
| 15:02 | Queue | Villager (Male) |
| 15:02 | Queue | Villager (Male) |
| 15:09 | Build | Mining Camp |
| 15:27 | Build | Palisade Wall |
| 15:28 | Build | Palisade Wall |
| 15:30 | Build | Palisade Wall |
| 15:49 | Queue | Spearman |
| 16:03 | Build | Farm |
| 16:05 | Build | Farm |
| 16:06 | Build | Farm |
| 16:09 | Build | Farm |
| 16:17 | Queue | Spearman |
| 16:35 | Queue | Villager (Male) |
| 16:46 | Build | Farm |
| 16:47 | Build | Farm |
| 17:26 | Build | Palisade Wall |
| 17:51 | Queue | Villager (Male) |
| 17:51 | Queue | Villager (Male) |
| 18:02 | Build | Watch Tower |
| 18:04 | Queue | Villager (Male) |
| 18:08 | Build | Farm |
| 18:13 | Build | Farm |
| 18:17 | Build | Farm |
| 18:20 | Build | Farm |
| 18:23 | Build | Farm |
| 18:23 | Queue | Villager (Male) |
| 18:29 | Build | Farm |
| 18:31 | Queue | Villager (Male) |
| 18:33 | Build | Farm |
| 18:34 | Build | Farm |
| 18:34 | Build | Farm |
| 18:34 | Build | Farm |
| 19:13 | Build | Farm |
| 19:17 | Queue | Villager (Male) |
| 19:24 | Build | Mining Camp |
| 19:48 | Build | Watch Tower |
| 19:57 | Build | Watch Tower |
| 20:13 | Build | House |
| 20:20 | Queue | Villager (Male) |
| 20:51 | Build | Watch Tower |
| 20:57 | Build | Palisade Wall |
| 21:02 | Build | Palisade Wall |
| 21:04 | Build | Palisade Wall |
| 21:07 | Build | Palisade Wall |
| 21:13 | Build | Palisade Wall |
| 21:16 | Build | Palisade Wall |
| 21:21 | Build | Palisade Wall |
| 21:22 | Build | Palisade Wall |
| 21:33 | Build | Market |
| 21:34 | Queue | Villager (Male) |
| 21:55 | Queue | Spearman |
| 21:58 | Queue | Spearman |
| 22:13 | Build | Palisade Wall |
| 22:18 | Build | Mining Camp |
| 22:32 | Research | Castle Age |
| 22:44 | Build | Stone Wall |
| 22:50 | Build | Stone Wall |
| 22:57 | Build | Stone Wall |
| 23:04 | Build | Stone Wall |
| 23:06 | Queue | Villager (Male) |
| 23:09 | Queue | Spearman |
| 23:52 | Research | Scale Mail Armor |
| 24:06 | Build | Farm |
| 24:16 | Build | Farm |
| 24:25 | Queue | Villager (Male) |
| 24:37 | Build | Watch Tower |
| 24:44 | Research | Forging |
| 24:48 | Queue | Spearman |
| 24:48 | Queue | Spearman |
| 25:11 | Build | Barracks |
| 25:12 | Age | Castle Age |
| 25:17 | Build | Palisade Wall |
| 25:19 | Build | Palisade Wall |
| 25:20 | Build | Palisade Wall |
| 25:22 | Build | Palisade Wall |
| 25:43 | Research | Pikeman (upgrade) |
| 25:54 | Queue | Spearman |
| 25:54 | Queue | Spearman |
| 26:14 | Queue | Spearman |
| 26:15 | Queue | Spearman |
| 26:21 | Queue | Spearman |
| 26:22 | Queue | Spearman |
| 26:27 | Queue | Villager (Male) |
| 26:31 | Build | Stone Wall |
| 26:43 | Build | House |
| 27:14 | Queue | Villager (Male) |
Build order — DanTheMan
First 150 of 259 actions detected
| 0:01 | Queue | Villager (Male) |
| 0:01 | Queue | Villager (Male) |
| 0:03 | Build | House |
| 0:05 | Build | House |
| 0:31 | Queue | Villager (Male) |
| 0:31 | Queue | Villager (Male) |
| 0:31 | Queue | Villager (Male) |
| 1:28 | Queue | Villager (Male) |
| 1:28 | Queue | Villager (Male) |
| 1:47 | Build | Lumber Camp |
| 2:16 | Queue | Villager (Male) |
| 2:16 | Queue | Villager (Male) |
| 2:16 | Queue | Villager (Male) |
| 2:36 | Queue | Villager (Male) |
| 3:19 | Queue | Villager (Male) |
| 3:32 | Queue | Villager (Male) |
| 3:46 | Queue | Villager (Male) |
| 4:09 | Queue | Villager (Male) |
| 4:12 | Build | House |
| 4:54 | Build | Mill |
| 5:09 | Queue | Villager (Male) |
| 5:09 | Queue | Villager (Male) |
| 5:23 | Queue | Villager (Male) |
| 5:32 | Build | House |
| 5:43 | Queue | Villager (Male) |
| 6:47 | Research | Loom |
| 7:34 | Research | Feudal Age |
| 7:59 | Build | Barracks |
| 8:33 | Queue | Villager (Male) |
| 8:33 | Queue | Villager (Male) |
| 9:17 | Build | Farm |
| 9:44 | Age | Feudal Age |
| 9:45 | Build | Stable |
| 9:51 | Build | Farm |
| 9:53 | Build | Farm |
| 10:02 | Queue | Villager (Male) |
| 10:12 | Build | Farm |
| 10:21 | Queue | Scout Cavalry |
| 10:22 | Queue | Scout Cavalry |
| 10:22 | Queue | Scout Cavalry |
| 10:22 | Queue | Scout Cavalry |
| 10:48 | Build | Farm |
| 10:51 | Build | Farm |
| 10:53 | Build | House |
| 11:01 | Build | Lumber Camp |
| 11:08 | Queue | Villager (Male) |
| 11:09 | Queue | Villager (Male) |
| 11:31 | Queue | Spearman |
| 12:08 | Build | Farm |
| 12:36 | Queue | Villager (Male) |
| 12:36 | Queue | Villager (Male) |
| 12:36 | Queue | Villager (Male) |
| 12:39 | Build | Farm |
| 12:42 | Build | Farm |
| 13:13 | Queue | Scout Cavalry |
| 13:13 | Queue | Scout Cavalry |
| 13:19 | Queue | Villager (Male) |
| 13:22 | Build | Farm |
| 13:26 | Build | Farm |
| 13:38 | Queue | Villager (Male) |
| 13:43 | Build | Farm |
| 13:59 | Build | House |
| 14:00 | Build | House |
| 14:25 | Queue | Villager (Male) |
| 14:25 | Queue | Villager (Male) |
| 14:32 | Build | Mining Camp |
| 14:45 | Queue | Villager (Male) |
| 14:47 | Queue | Scout Cavalry |
| 14:48 | Queue | Villager (Male) |
| 15:39 | Queue | Villager (Male) |
| 16:03 | Build | Mining Camp |
| 16:33 | Build | Blacksmith |
| 16:37 | Queue | Villager (Male) |
| 16:37 | Queue | Villager (Male) |
| 17:38 | Build | Market |
| 18:24 | Research | Castle Age |
| 18:32 | Research | Scale Barding Armor |
| 18:47 | Build | Farm |
| 18:49 | Build | Farm |
| 18:52 | Queue | Villager (Male) |
| 18:53 | Queue | Villager (Male) |
| 19:00 | Research | Horse Collar |
| 19:22 | Build | Farm |
| 20:19 | Build | House |
| 20:21 | Research | Town Watch |
| 20:26 | Research | Town Watch |
| 20:26 | Queue | Villager (Male) |
| 20:26 | Queue | Villager (Male) |
| 20:28 | Build | Farm |
| 21:04 | Age | Castle Age |
| 21:08 | Queue | Scout Cavalry |
| 21:12 | Queue | Unit 1944 |
| 21:12 | Queue | Unit 1944 |
| 21:12 | Queue | Unit 1944 |
| 21:13 | Queue | Unit 1944 |
| 21:26 | Queue | Unit 1944 |
| 21:30 | Research | Forging |
| 21:44 | Queue | Unit 1944 |
| 22:14 | Build | Farm |
| 22:27 | Build | Siege Workshop |
| 22:31 | Queue | Unit 1944 |
| 22:39 | Queue | Villager (Male) |
| 22:39 | Queue | Villager (Male) |
| 22:39 | Queue | Villager (Male) |
| 22:40 | Queue | Villager (Male) |
| 22:44 | Research | Double-Bit Axe |
| 22:57 | Build | House |
| 23:15 | Queue | Unit 1944 |
| 23:32 | Queue | Unit 1944 |
| 23:49 | Queue | Battering Ram |
| 23:56 | Queue | Unit 1944 |
| 23:57 | Queue | Villager (Male) |
| 24:05 | Build | House |
| 24:07 | Build | House |
| 24:08 | Build | House |
| 24:09 | Build | House |
| 24:11 | Build | House |
| 24:27 | Build | Farm |
| 24:39 | Queue | Villager (Male) |
| 24:39 | Queue | Villager (Male) |
| 24:53 | Queue | Villager (Male) |
| 24:54 | Queue | Villager (Male) |
| 25:26 | Queue | Mangonel |
| 25:28 | Queue | Battering Ram |
| 25:57 | Queue | Villager (Male) |
| 25:58 | Queue | Villager (Male) |
| 26:13 | Queue | Unit 1944 |
| 26:13 | Queue | Unit 1944 |
| 26:28 | Queue | Mangonel |
| 26:32 | Queue | Villager (Male) |
| 26:36 | Build | Town Center |
| 26:58 | Queue | Villager (Male) |
| 27:50 | Queue | Villager (Male) |
| 27:50 | Queue | Villager (Male) |
| 28:01 | Queue | Villager (Male) |
| 28:01 | Queue | Villager (Male) |
| 28:01 | Queue | Villager (Male) |
| 28:26 | Queue | Villager (Male) |
| 28:26 | Queue | Villager (Male) |
| 28:35 | Build | Farm |
| 28:35 | Build | Farm |
| 28:35 | Build | Farm |
| 28:36 | Build | Farm |
| 28:36 | Build | Farm |
| 28:36 | Build | Farm |
| 28:36 | Build | Farm |
| 28:36 | Build | Farm |
| 28:37 | Build | Farm |
| 28:37 | Build | Farm |
| 28:37 | Build | Farm |
Match timeline
| 7:59 | DanTheMan · first_building Barracks |
| 9:42 | ELEG VACASADA · age_up feudal |
| 9:44 | DanTheMan · age_up feudal |
| 9:45 | DanTheMan · first_building Stable |
| 9:58 | ELEG VACASADA · wall_segment Palisade Wall x1 |
| 9:59 | ELEG VACASADA · wall_segment Palisade Wall x1 |
| 10:00 | ELEG VACASADA · wall_segment Palisade Wall x1 |
| 12:08 | ELEG VACASADA · wall_segment Palisade Wall x1 |
| 12:09 | ELEG VACASADA · wall_segment Palisade Wall x1 |
| 13:33 | ELEG VACASADA · first_building Barracks |
| 14:30 | ELEG VACASADA · wall_segment Palisade Wall x1 |
| 14:32 | ELEG VACASADA · wall_segment Palisade Wall x1 |
| 14:33 | ELEG VACASADA · wall_segment Palisade Wall x1 |
| 14:37 | ELEG VACASADA · wall_segment Palisade Wall x1 |
| 14:39 | ELEG VACASADA · wall_segment Palisade Wall x1 |
| 14:40 | ELEG VACASADA · wall_segment Palisade Wall x1 |
| 14:50 | ELEG VACASADA · wall_segment Palisade Wall x1 |
| 15:27 | ELEG VACASADA · wall_segment Palisade Wall x1 |
| 15:28 | ELEG VACASADA · wall_segment Palisade Wall x1 |
| 15:30 | ELEG VACASADA · wall_segment Palisade Wall x1 |
| 17:26 | ELEG VACASADA · wall_segment Palisade Wall x1 |
| 20:57 | ELEG VACASADA · wall_segment Palisade Wall x1 |
| 21:02 | ELEG VACASADA · wall_segment Palisade Wall x1 |
| 21:04 | ELEG VACASADA · wall_segment Palisade Wall x1 |
| 21:04 | DanTheMan · age_up castle |
| 21:07 | ELEG VACASADA · wall_segment Palisade Wall x1 |
| 21:13 | ELEG VACASADA · wall_segment Palisade Wall x1 |
| 21:16 | ELEG VACASADA · wall_segment Palisade Wall x1 |
| 21:21 | ELEG VACASADA · wall_segment Palisade Wall x1 |
| 21:22 | ELEG VACASADA · wall_segment Palisade Wall x1 |
| 22:13 | ELEG VACASADA · wall_segment Palisade Wall x1 |
| 22:21 | DanTheMan · first_market_buy 100 wood |
| 22:27 | DanTheMan · first_building Siege Workshop |
| 22:30 | ELEG VACASADA · first_market_sell 100 food |
| 22:44 | ELEG VACASADA · wall_segment Stone Wall x12 |
| 22:50 | ELEG VACASADA · wall_segment Stone Wall x5 |
| 22:57 | ELEG VACASADA · wall_segment Stone Wall x12 |
| 23:04 | ELEG VACASADA · wall_segment Stone Wall x3 |
| 25:12 | ELEG VACASADA · age_up castle |
| 25:17 | ELEG VACASADA · wall_segment Palisade Wall x1 |
| 25:19 | ELEG VACASADA · wall_segment Palisade Wall x1 |
| 25:20 | ELEG VACASADA · wall_segment Palisade Wall x1 |
| 25:22 | ELEG VACASADA · wall_segment Palisade Wall x1 |
| 26:31 | ELEG VACASADA · wall_segment Stone Wall x1 |
| 27:50 | ELEG VACASADA · first_market_buy 100 wood |
| 28:51 | DanTheMan · first_building Monastery |
| 30:58 | ELEG VACASADA · first_building Siege Workshop |
| 32:57 | ELEG VACASADA · wall_segment Palisade Wall x1 |
| 33:10 | DanTheMan · first_building Castle |
| 33:22 | DanTheMan · first_building Archery Range |
| 33:50 | ELEG VACASADA · first_building Stable |
| 37:14 | ELEG VACASADA · first_building Castle |
| 39:14 | ELEG VACASADA · wall_segment Stone Wall x1 |
| 39:33 | ELEG VACASADA · wall_segment Stone Wall x1 |
| 42:03 | ELEG VACASADA · first_building Archery Range |
| 42:10 | DanTheMan · resign |
[ AI ANALYSIS · 1 CREDIT ]
What really happened in this match?
Wolo.gg analyzes every decision: build order, eco, micro, common mistakes by bracket. Personalized analysis on WhatsApp or Discord in 30 seconds.
Civ guide
Koreans
Perfil
Jugador #22785759